 Dungeon Crawl Stone Soup version 0.32-a0-18-g89e19f1974 (webtiles) character file.

Game seed: 12076344126387119456

310 benreichert the Basher (level 6, -2/51 HPs)
             Began as a Minotaur Berserker on Jan 17, 2024.
             Was a Priest of Trog.
             Incinerated by a bombardier beetle (4 damage)
             ... with a burning spray
             ... on level 4 of the Dungeon.
             The game lasted 00:08:01 (2959 turns).

benreichert the Basher (Minotaur Berserker)         Turns: 2959, Time: 00:08:01

Health: -2/51      AC: 11    Str: 22    XL:     6   Next: 17%
Magic:  5/5        EV:  6    Int: 10    God:    Trog [***...]
Gold:   219        SH:  0    Dex: 11    Spells: 5/5 levels left

rFire   . . .        h - +1 war axe (venom)
rCold   . . .        (no shield)
rNeg    . . .        q - +0 plate armour
rPois   .            (helmet restricted)
rElec   .            (no cloak)
rCorr   +            (no gloves)
SInv    .            (no boots)
Will    .....        (no amulet) Stlth
                     c - ring of resist corrosion
HPRegen 0.28/turn    p - +6 ring of intelligence
MPRegen 0.09/turn

%: no passive effects
@: on fire, glowing
A: horns 2, retaliatory headbutt
a: Renounce Religion, Berserk, Trog's Hand


You were on level 4 of the Dungeon.
You worshipped Trog.
Trog was most pleased with you.
You visited 1 branch of the dungeon, and saw 4 of its levels.

You collected 219 gold pieces.

Inventory:

Hand Weapons
 a - a +0 mace
 h - a +1 war axe of venom (weapon)
 n - a +0 flail
Armour
 b - a +0 animal skin
 i - a +0 ring mail
 j - a +0 hat
 q - a +0 plate armour (worn)
Jewellery
 c - a ring of resist corrosion (left hand)
 p - a +6 ring of intelligence (right hand)
Scrolls
 d - a scroll of fog {unknown}
 g - a scroll of enchant weapon {unknown}
 k - 3 scrolls of teleportation {unknown}
 l - a scroll of brand weapon {unknown}
 o - 2 scrolls of identify


   Skills:
 - Level 3.6 Fighting
 * Level 8.4 Maces & Flails
 - Level 2.4 Armour
 - Level 2.1 Dodging


You had 5 spell levels left.
You didn't know any spells.
Your spell library contained the following spells:

 Spells                   Type           Power      Damage    Failure   Level
 Freezing Cloud           Conj/Ice/Air   0%         6-21      100%        5
 Silence                  Hex/Air        0%         N/A       100%        5


Dungeon Overview and Level Annotations

Branches:
Dungeon (4/15)             Temple (0/1) D:4

Altars:
Cheibriados
Kikubaaqudgha


Innate Abilities, Weirdness & Mutations

You have a pair of horns on your head.
You reflexively headbutt those who attack you in melee.


Message History

The bombardier beetle sprays incendiary fluid at you.
The burning spray hits you.
You are covered in liquid fire!
The liquid fire burns you! The gnoll hits you but does no damage.
You shake off some of the fire as you move.
The liquid fire burns you!
* * * LOW HITPOINT WARNING * * *
The gnoll hits you with a +0 spear.
* * * LOW HITPOINT WARNING * * *
Items here: ))))) [ ††††.
You shake off the liquid fire.
The gnoll hits you but does no damage.
Items here: ( )))) [ †.
You hit the gnoll.
The gnoll is poisoned.
The gnoll is lightly wounded.
The gnoll barely misses you.
You slash the gnoll!
You kill the gnoll!
Trog accepts your kill.
The bombardier beetle sprays incendiary fluid at you.
The burning spray hits you.
You are covered in liquid fire!
You shake off some of the fire as you move.
The liquid fire burns you!
* * * LOW HITPOINT WARNING * * *
The bombardier beetle waves its antennae.
You see here a +0 spear.
You shake off some of the fire as you move.
The liquid fire burns you!
* * * LOW HITPOINT WARNING * * *
Items here: ))))) [ ††††.
You barely miss the bombardier beetle.
Your headbutt misses the bombardier beetle.
The liquid fire burns you!
* * * LOW HITPOINT WARNING * * *
The bombardier beetle bites you but does no damage.
You barely miss the bombardier beetle. The liquid fire burns you!
You die...

####.# ### ### ..#.#....
..# ##.#.##.# #.#
#.......######.#
#....#..... ...#
#....#...####..#
##...#)..##....######
.........#..#..#))..#
####...........B@#.......
# #:..##...#..##...#####
# #..######..## ....... #
#... #..## .#...(. #
#.... ....# .......#
....#...>.. #....#.#
.#....#....( .####.#
####. ##. #.


You could see a bombardier beetle.

Vanquished Creatures
  A scorpion (D:4)
  A bombardier beetle (D:3)
  3 orc wizards
  4 gnolls (D:4)
  An adder (D:2)
  2 dart slugs (D:2)
  11 orcs
  4 endoplasms
  A giant cockroach (D:3)
  12 hobgoblins
  3 jackals (D:3)
  5 kobolds
  2 quokkas (D:1)
  4 ball pythons
  4 bats
  4 frilled lizards
  11 goblins
  5 rats
78 creatures vanquished.

Notes
Turn   | Place    | Note
-------+----------+-------------------------------------------
     0 | D:1      | benreichert the Minotaur Berserker began the quest for the
                  | Orb.
     0 | D:1      | Reached XP level 1. HP: 19/19 MP: 0/0
   174 | D:1      | Reached skill level 4 in Maces & Flails
   280 | D:1      | Reached XP level 2. HP: 20/26 MP: 1/1
   588 | D:2      | Got the Guide on the Sixfirhy
   717 | D:2      | Reached skill level 5 in Maces & Flails
   773 | D:2      | Found a snail-covered altar of Cheibriados.
   906 | D:2      | Reached XP level 3. HP: 30/31 MP: 2/2
   953 | D:2      | Reached ** piety under Trog
  1956 | D:3      | Reached skill level 6 in Maces & Flails
  1956 | D:3      | Reached XP level 4. HP: 38/39 MP: 3/3
  2619 | D:4      | Noticed a scorpion
  2620 | D:4      | Killed a scorpion
  2621 | D:4      | Reached skill level 7 in Maces & Flails
  2621 | D:4      | Reached XP level 5. HP: 45/45 MP: 4/4
  2808 | D:4      | Found an ancient bone altar of Kikubaaqudgha.
  2877 | D:4      | Found a staircase to the Ecumenical Temple.
  2901 | D:4      | Reached skill level 8 in Maces & Flails
  2915 | D:4      | Reached *** piety under Trog
  2916 | D:4      | Reached XP level 6. HP: 36/51 MP: 5/5
  2958 | D:4      | HP: 2/51 [burnt (2)]
  2959 | D:4      | Incinerated by a bombardier beetle

Illustrated notes

Levels and vault maps discovered:
D:1:      minmay_arrival_four_loops, layout_basic
D:2:      minmay_chambers_of_ones, layout_loops_corners, basic_altar
D:3:      layout_basic
D:4:      layout_basic, kiku_gazebo_garden_becter,
          lemuel_mausoleum_altar_yredelemnul, minmay_temple_entry_wispy,
          serial_shops, nicolae_shop_real_fake_doors

Skill      XL: |  1  2  3  4  5 |
---------------+----------------+-----
Maces & Flails | 4 5 6 7 8 |  8.4
Fighting       | |  3.6
Armour         | |  2.4
Dodging        | |  2.1

Action                     |  1- 3 |  4- 6 || total
---------------------------+-------+-------++-------
  Melee: Mace              |    83 |       ||    83
         Headbutt          |     9 |     5 ||    14
         Flail             |     4 |    16 ||    20
         War axe           |       |    64 ||    64
  Throw: Dart              |       |     2 ||     2
    Use: Scroll            |     1 |       ||     1
         Potion            |       |     5 ||     5
   Stab: Sleeping          |     1 |       ||     1
 Armour: Animal skin       |    31 |       ||    31
         Ring mail         |    17 |    33 ||    50
         Plate armour      |       |    35 ||    35
         Skin              |       |    44 ||    44
  Dodge: Dodged            |    52 |    33 ||    85

Table legend: (Time is in decaauts)
 A = Elapsed time spent in this place.
 B = Non-inter-level travel time spent in this place.
 C = Inter-level travel time spent in this place.
 D = Time resting spent in this place.
 E = Time spent auto-exploring this place.
 F = Levels seen in this place.
 G = Mean time per level.
                   A        B        C        D        E       F      G
               +--------+--------+--------+--------+--------+-----+--------+
         Total |   2947 |   2934 |     13 |      0 |   2272 |   4 |  736.8 |
       Dungeon |   2947 |   2934 |     13 |      0 |   2272 |   4 |  736.8 |
               +--------+--------+--------+--------+--------+-----+--------+

Top non-repeatable levels by time:
     D:2: 1135 daAuts
     D:3: 768 daAuts
     D:1: 585 daAuts
     D:4: 458 daAuts
